 Dungeon Crawl Stone Soup version 0.31.0-12-g77e489cdc1 (webtiles) character file.

Game seed: 9161140981401433701

1 Killerpretzel the Ruffian (level 1, -1/13 HPs)
             Began as an Octopode Shapeshifter on Mar 6, 2024.
             Frozen to death by an endoplasm (4 damage)
             ... on level 1 of the Dungeon.
             The game lasted 00:00:03 (21 turns).

Killerpretzel the Ruffian (Octopode Shapeshifter)     Turns: 21, Time: 00:00:04

Health: -1/13      AC:  1    Str: 13    XL:     1   Next: 20%
Magic:  1/1        EV: 13    Int: 12    God:
Gold:   0          SH:  0    Dex: 11    Spells: 0/0 levels left

rFire   . .          .
                       - Unarmed
rCold   . . .        (no shield)
rNeg    . . .        (helmet currently unavailable)
rPois   .            (no amulet)
rElec   .            (no ring)
rCorr   .            (no ring)
SInv    .            (no ring)
Will    .....        (no ring)
Stlth   ++           (no ring)
HPRegen 0.22/turn    (no ring)
MPRegen 0.07/turn    (no ring)
                     (no ring)

%: no passive effects
@: beast-form
A: beast (slay +1), almost no armour, amphibious, 8 rings, camouflage 1,
gelatinous body 1, (nimble swimmer 1), tentacles
a: Begin Untransformation


You were on level 1 of the Dungeon.
You were a hulking beast.
You visited 1 branch of the dungeon, and saw 1 of its levels.

Inventory:

Talismans
 b - a beast talisman
 c - a flux talisman
Potions
 a - a potion of lignification


   Skills:
 + Level 1.0 Fighting
 + Level 2.0 Dodging
 + Level 3.0 Unarmed Combat
 * Level 3.0 Shapeshifting


You couldn't memorise any spells.
You didn't know any spells.
Your spell library was empty.

Dungeon Overview and Level Annotations

Branches:
Dungeon (1/15)

Altars:


Innate Abilities, Weirdness & Mutations

You are a hulking beast.
Your limbs bulge with bestial killing power. (Slay +1)
You cannot wear most types of armour.
You are amphibious.
You can wear up to eight rings at the same time.
Your skin changes colour to match your surroundings (Stealth+).
Your rubbery body absorbs attacks. (AC +1, EV +1)
((You are camouflaged when in or above water. (Stealth+)))
You have tentacles for arms and can constrict up to eight enemies at once.


Message History

You are too injured to fight recklessly!
You are too injured to fight recklessly!
You are too injured to fight recklessly!
You are too injured to fight recklessly!
There are monsters nearby!
You are too injured to fight recklessly!
You are too injured to fight recklessly!
You are too injured to fight recklessly!
You are too injured to fight recklessly!
You are too injured to fight recklessly!
You are too injured to fight recklessly!
You are too injured to fight recklessly!
You are too injured to fight recklessly!
You are too injured to fight recklessly!
You are too injured to fight recklessly!
There are monsters nearby!
You closely miss the goblin. Your grab misses the goblin.
You constrict the giant cockroach. The endoplasm hits you.
The goblin hits you with a +0 club.
The giant cockroach completely misses you.
You closely miss the goblin. You grab the goblin. You constrict the goblin.
You constrict the giant cockroach. The endoplasm freezes you.
You are frozen.
The hobgoblin hits you. The goblin completely misses you.
The giant cockroach barely misses you.
You tentacle-slap the goblin.
The goblin is heavily wounded.
You constrict the goblin.
You kill the goblin!
You constrict the giant cockroach, but do no damage.
The hobgoblin barely misses you. The endoplasm hits you.
* * * LOW HITPOINT WARNING * * *
The giant cockroach misses you.
You tentacle-slap the endoplasm.
The endoplasm is heavily wounded.
You constrict the giant cockroach.
You kill the giant cockroach!
The endoplasm freezes you.
You are frozen.
You die...

#..##..# .####
#######..##..####.....
.......##..##.........
.......##..##...###..
........####.#..#
........# #...##
........####..##
........##....#
.......h...##.#
......J)g.......#
........#####.....
........# >.#####
........# #.b
........# #. ........#
.......##


You could see an endoplasm and a hobgoblin.

Vanquished Creatures
  A giant cockroach (D:1)
  A goblin (D:1)
2 creatures vanquished.

Notes
Turn   | Place    | Note
-------+----------+-------------------------------------------
     0 | D:1      | Killerpretzel the Octopode Shapeshifter began the quest for
                  | the Orb.
     0 | D:1      | Reached XP level 1. HP: 13/13 MP: 1/1
    21 | D:1      | Frozen to death by an endoplasm

Illustrated notes

Levels and vault maps discovered:
D:1:      lightli_iron_boxes, layout_rooms, minmay_misc_feat_tiny

Action                     || total
---------------------------++-------
  Melee: Unarmed           ||     6
         Constrict         ||     2
 Armour: Skin              ||     6
  Dodge: Dodged            ||     8
